 Dungeon Crawl Stone Soup version 0.30-a0-137-gd8773701ce (webtiles) character file.

Game seed: 11157873612870009993

9 LnG the Caller (level 2, -1/15 HPs)
             Began as a Kobold Summoner on Sept 23, 2022.
             Slain by a jackal (3 damage)
             ... on level 1 of the Dungeon.
             The game lasted 00:01:22 (250 turns).

LnG the Caller (Kobold Summoner)                     Turns: 250, Time: 00:01:23

Health: -1/15      AC:  2    Str:  5    XL:     2   Next: 25%
Magic:  2/5        EV: 15    Int: 16    God:
Gold:   17         SH:  0    Dex: 15    Spells: 4/5 levels left

rFire   . . .      SeeInvis .    (weapon restricted)
rCold   . . .      Faith    .    (no shield)
rNeg    . . .      Spirit   .    a - +0 robe
rPois   .          Reflect  .    (no helmet)
rElec   .          Harm     .    (no cloak)
rCorr   .          Rampage  .    (no gloves)
Will    .....                    (no boots)
Stlth   +++.......               (no amulet)
HPRegen 0.05/turn                (no ring)
MPRegen 0.09/turn                (no ring)

@: no status effects
A: small, no large weapons, nightstalker 3
a: no special abilities


You were on level 1 of the Dungeon.
You visited 1 branch of the dungeon, and saw 1 of its levels.

You collected 17 gold pieces.

Inventory:

Armour
 a - a +0 robe (worn)
Scrolls
 c - a scroll of identify {unknown}
 d - a scroll of magic mapping {unknown}
Potions
 b - a potion of magic


   Skills:
 + Level 2.5 Dodging
 + Level 2.7 Stealth
 + Level 2.3 Spellcasting
 + Level 4.3 Summonings


You had 4 spell levels left.
You knew the following spells:

 Your Spells              Type           Power      Damage    Failure   Level
a - Summon Small Mammal   Summ           60%        N/A       3%          1

Your spell library contained the following spells:

 Spells                   Type           Power      Damage    Failure   Level
 Call Imp                 Summ           15%        N/A       4%          2
 Call Canine Familiar     Summ           15%        N/A       10%         3
 Summon Guardian Golem    Hex/Summ       8%         N/A       24%         3
 Summon Lightning Spire   Summ/Air       8%         N/A       63%         4


Dungeon Overview and Level Annotations

Branches:
Dungeon (1/15)

Altars:


Innate Abilities, Weirdness & Mutations

You are small and have problems with some larger weapons.
You are completely attuned to the shadows.


Message History

The jackal is almost dead.
Your quokka closely misses the jackal.
The jackal bites you.
Unknown command.
Casting: Summon Small Mammal (safe; 3% risk of failure)
Confirm with . or Enter, or press ? or * to list all spells.
Your quokka bites the jackal.
The jackal closely misses you. The jackal barely misses you.
A rat comes into view.
The goblin hits your quokka with a +0 dagger.
You hit the jackal but do no damage.
The jackal is severely wounded.
Your bat hits the goblin.
Your bat hits the jackal but does no damage.
The jackal bites you but does no damage.
The jackal bites you.
* * * LOW HITPOINT WARNING * * *
Your quokka barely misses the jackal.
The jackal misses you.
Your bat hits the jackal but does no damage.
The goblin hits your quokka but does no damage.
You hit the jackal.
You kill the jackal!
Your bat closely misses the goblin.
The jackal closely misses you. The jackal bites you.
* * * LOW HITPOINT WARNING * * *
Your quokka misses the goblin. The quokka barely misses your bat.
The jackal bites you.
* * * LOW HITPOINT WARNING * * *
The jackal misses you.
The goblin hits your quokka with a +0 dagger.
Your quokka misses the goblin.
Your bat barely misses the goblin.
Your quokka barely misses the goblin.
The goblin hits your bat with a +0 dagger.
Your bat closely misses the goblin.
You hit the jackal but do no damage.
The jackal is moderately wounded.
Your bat barely misses the goblin.
The jackal barely misses you. The jackal barely misses your quokka.
The quokka barely misses your quokka.
Your quokka barely misses the goblin.
The quokka barely misses your quokka. The jackal bites you.
You die...

.....######.........
......'...#####...####
.......###.....##.##...
.....†.#######.......##
.........# ##########
......g..# # .....rhr.#
....##hr.# ..†† #@g.#
.... #..... .... #..b..
#..... #.....


You could see a quokka, 2 jackals, a hobgoblin, a goblin (ally target), a rat, a
friendly quokka (summoned) and a friendly bat (summoned).

Vanquished Creatures
  A jackal (D:1)
1 creature vanquished.

Vanquished Creatures (collateral kills)
  A bat (D:1)
  An endoplasm (D:1)
  2 giant cockroaches (D:1)
  A goblin (D:1)
  A frilled lizard (D:1)
  A rat (D:1)
7 creatures vanquished.

Grand Total: 8 creatures vanquished

Notes
Turn   | Place    | Note
-------+----------+-------------------------------------------
     0 | D:1      | LnG the Kobold Summoner began the quest for the Orb.
     0 | D:1      | Reached XP level 1. HP: 10/10 MP: 3/3
   238 | D:1      | Reached XP level 2. HP: 10/15 MP: 3/5
   250 | D:1      | Slain by a jackal

Illustrated notes

Levels and vault maps discovered:
D:1:      dpeg_arrival_rhombus, layout_basic,
          shapermc_ecumenical_altar_rom_forum

Action                   || total
-------------------------++-------
Melee: Unarmed           ||     7
 Cast: Summon Small Mamm ||     9
Armor: Robe              ||     4
Dodge: Dodged            ||    29

Table legend: (Time is in decaauts)
 A = Elapsed time spent in this place.
 B = Non-inter-level travel time spent in this place.
 C = Inter-level travel time spent in this place.
 D = Time resting spent in this place.
 E = Time spent auto-exploring this place.
 F = Levels seen in this place.
 G = Mean time per level.
                   A        B        C        D        E       F      G
               +--------+--------+--------+--------+--------+-----+--------+
         Total |    250 |    250 |      0 |      0 |    202 |   1 |  250.0 |
       Dungeon |    250 |    250 |      0 |      0 |    202 |   1 |  250.0 |
               +--------+--------+--------+--------+--------+-----+--------+

Top non-repeatable levels by time:
     D:1: 250 daAuts
